AoeStats
← Trasklord1991

Arabia

517543246Analyzed
2v2 RM · 6d ago on Oct 31, 2026· 48m 10s· 4 players
Game mode
Random Map
Map size
Medium (4 player)
Population
200
Speed
Normal
Resources
Standard
Victory
Conquest
Starting age
Dark Age
Ending age
Imperial Age
RankedLock teamsTeams togetherTeam positionsShared explorationLock speedFull tech treeHidden civsTurbo modeCheats
Victory
Defeat
🇦🇷 Aztecs · Argentina
1318
+9
🇦🇷 Franks · Argentina
935
+69
vs
🇷🇺 Varangians · Russia
1352
-25
🇷🇺 Saxons · Russia
896
-7
JustHaveFun()
7:29 Loom
9:47 Feudal Age
9:48 Man-at-Arms
10:15 Double-Bit Axe
10:51 Horse Collar
13:31 Bloodlines
16:06 Wheelbarrow
21:53 Scale Barding Armor
21:59 Forging
26:48 Castle Age
26:14 Gold Mining
28:03 Chain Barding Armor
28:40 Iron Casting
28:29 Husbandry
44:55 Gambesons
Trasklord1991
3:23 Loom
12:18 Feudal Age
15:27 Double-Bit Axe
19:48 Castle Age
20:28 Bloodlines
20:46 Horse Collar
22:23 Scale Mail Armor
22:36 Forging
24:18 Husbandry
25:01 Arson
25:18 Squires
32:03 Chain Mail Armor
32:24 Iron Casting
33:29 Bow Saw
45:34 Imperial Age
MyLions2
7:02 Loom
9:49 Feudal Age
10:24 Double-Bit Axe
10:27 Horse Collar
14:13 Fletching
21:12 Castle Age
20:10 Padded Archer Armor
21:23 Crossbowman
22:13 Bodkin Arrow
29:57 Ballistics
37:36 Imperial Age
36:16 Wheelbarrow
37:42 Arbalester
38:24 Bracer
39:57 Chemistry
43:46 Conscription
48:11 Heavy Plow
48:34 Bow Saw
Curry
7:20 Loom
10:15 Feudal Age
22:17 Castle Age
23:58 Scale Barding Armor
24:05 Forging
28:34 Chain Barding Armor
28:49 Iron Casting
28:21 Husbandry
32:04 Iron Casting
33:02 Double-Bit Axe
32:44 Pikeman
44:33 Wheelbarrow
51:08 Imperial Age
Connection lost

Rejoining the realm…

Still unreachable

The connection could not be restored.

Session expired

The server has moved on; the page needs a fresh start.